 Dungeon Crawl Stone Soup version 0.30.1-9-gdf580d7c3d (webtiles) character file.

Game seed: 1810074210387850115

69 KittyFluff the Chopper (level 4, -2/40 HPs)
             Began as a Minotaur Berserker on Oct 13, 2023.
             Was a Follower of Trog.
             Slain by a gnoll sergeant
             ... wielding a +0 spear
              (9 damage)
             ... on level 2 of the Dungeon.
             The game lasted 00:04:23 (1046 turns).

KittyFluff the Chopper (Minotaur Berserker)         Turns: 1046, Time: 00:04:24

Health: -2/40      AC:  4    Str: 24    XL:     4   Next: 2%
Magic:  3/3        EV: 12    Int:  4    God:    Trog [*.....]
Gold:   103        SH:  0    Dex:  9    Spells: 3/3 levels left

rFire   . . .        a - +0 hand axe
rCold   . . .        (no shield)
rNeg    . . .        i - +0 leather armour
rPois   .            (helmet restricted)
rElec   .            b - +0 cloak
rCorr   .            (no gloves)
SInv    .            (no boots)
Will    .....        (no amulet)
Stlth   +            (no ring)
HPRegen 0.26/turn    (no ring)
MPRegen 0.08/turn

%: no passive effects
@: no status effects
A: horns 2, retaliatory headbutt
a: Renounce Religion, Berserk


You were on level 2 of the Dungeon.
You worshipped Trog.
Trog was aware of your devotion.
You visited 1 branch of the dungeon, and saw 2 of its levels.

You collected 103 gold pieces.

Inventory:

Hand Weapons
 a - a +0 hand axe (weapon)
Missiles
 e - 6 poisoned darts (quivered)
 h - 3 javelins
Armour
 b - a +0 cloak (worn)
 i - a +0 leather armour (worn)
Scrolls
 c - 2 scrolls of identify {unknown}
 d - a scroll of vulnerability {unknown}
 f - a scroll of amnesia {unknown}
 g - a scroll of enchant armour {unknown}
 j - a scroll of fear {unknown}
 k - a scroll of summoning {unknown}


   Skills:
 + Level 4.1 Fighting
 * Level 4.5 Axes
 * Level 3.6 Armour
 + Level 2.7 Dodging


You had 3 spell levels left.
You didn't know any spells.
Your spell library was empty.

Dungeon Overview and Level Annotations

Branches:
Dungeon (2/15)

Altars:


Innate Abilities, Weirdness & Mutations

You have a pair of horns on your head.
You reflexively headbutt those who attack you in melee.


Message History

You have reached level 4!
You feel stronger.
You see here a +0 club.
The gnoll shouts!
You see here a +0 spear.
The gnoll shouts!
The gnoll sergeant shouts!
A gnoll sergeant breaks down the door.
Found the +5 woodcutter's axe.
You see here a +0 spear.
You see here a +0 club.
The gnoll sergeant hits you with a +0 spear.
You barely miss the gnoll sergeant.
The gnoll sergeant hits you with a +0 spear!
You hit the gnoll sergeant.
The gnoll sergeant is lightly wounded.
The gnoll sergeant closely misses you.
You hit the gnoll sergeant.
Your headbutt misses the gnoll sergeant.
The gnoll sergeant is moderately wounded.
The gnoll sergeant closely misses you.
You hit the gnoll sergeant.
The gnoll sergeant is moderately wounded.
The gnoll sergeant hits you with a +0 spear.
You fail to use your ability.
The gnoll sergeant misses you.
You hit the gnoll sergeant but do no damage.
You headbutt the gnoll sergeant!
The gnoll sergeant is severely wounded.
The gnoll sergeant closely misses you.
You hit the gnoll sergeant.
The gnoll sergeant is severely wounded.
The gnoll sergeant barely misses you.
You hit the gnoll sergeant. You punch the gnoll sergeant.
The gnoll sergeant is almost dead.
The gnoll sergeant hits you with a +0 spear!
* * * LOW HITPOINT WARNING * * *
You hit the gnoll sergeant but do no damage.
Your headbutt misses the gnoll sergeant.
The gnoll sergeant is almost dead.
The gnoll sergeant hits you with a +0 spear!
You die...

♣♣♣♣ ########## ♣)..
#........####### ♣♣♣..# ### ##
##..####..†....# ♣♣♣....#...#
#. ##..#
######.##♣♣)..♣..#...# #.
####.#### #..@ggg.....'..). #.
#.......# ####♣♣....♣.#...# ##
...####..# ♣♣♣.)..#...# ~≈
#..# ♣♣♣..# ### ~ #..#### ♣...
# ##....# ### ♣♣♣♣ #
#..#.###.######## ########
#...............###...##..
#.........##.######..#..#.##.#


You could see a gnoll sergeant and 2 gnolls.

Vanquished Creatures
  2 gnolls (D:2)
  An adder (D:2)
  2 dart slugs (D:1)
  3 bats (D:1)
  4 endoplasms (D:1)
  2 giant cockroaches (D:1)
  A goblin (D:1)
  A hobgoblin (D:1)
  4 jackals (D:1)
  4 kobolds
  A quokka (D:1)
  3 ball pythons (D:1)
  A frilled lizard (D:2)
  5 rats
34 creatures vanquished.

Notes
Turn   | Place    | Note
-------+----------+-------------------------------------------
     0 | D:1      | KittyFluff the Minotaur Berserker began the quest for the
                  | Orb.
     0 | D:1      | Reached XP level 1. HP: 19/19 MP: 0/0
    31 | D:1      | Reached XP level 2. HP: 24/27 MP: 1/1
   381 | D:1      | Reached XP level 3. HP: 33/33 MP: 2/2
  1024 | D:2      | Reached XP level 4. HP: 23/40 MP: 3/3
  1025 | D:2      | Noticed a gnoll sergeant
  1027 | D:2      | Found the +5 woodcutter's axe
  1046 | D:2      | Slain by a gnoll sergeant

Illustrated notes

Levels and vault maps discovered:
D:1:      spicycebolla_arrival_ecumenical, layout_loops_ring,
          corexii_corridor_pit
D:2:      layout_rooms, serial_rivers, chequers_serial_rivers_small_3,
          chequers_serial_rivers_room_b, chequers_serial_rivers_large_a,
          chequers_serial_rivers_marsh, pf_guarded_unrand_woodcutter

Skill      XL: |  1  2  3 |
---------------+----------+-----
Axes           | 4 |  4.5
Armour         | 3 |  3.6
Fighting       | 4 |  4.1
Dodging        | |  2.7

Action                     |  1- 3 |  4- 6 || total
---------------------------+-------+-------++-------
  Melee: Hand axe          |    73 |     8 ||    81
         Headbutt          |     7 |     1 ||     8
         Punch             |     1 |     1 ||     2
   Stab: Sleeping          |     1 |       ||     1
 Armour: Animal skin       |    11 |       ||    11
         Leather armour    |    11 |       ||    11
  Dodge: Dodged            |    58 |     5 ||    63
